[ AOE2 MATCH · #504971079 ]
UnrankedMapuche vs Poles
Player's team · WIN
Rival team · LOSS
[ REPLAY ANALYSIS · EXTRACTED FROM THE RECORDED GAME ]
Feudal
10:14
Castle
13:51
Imperial
—
| APM avg | 53.9 |
| APM peak | 90 |
| eAPM avg | 22.3 |
| Villagers / military | 71 / 20 |
Focus
⚔️ 28.5% · 🌾 71.5%
Bolas Rider ×14 · Spearman ×6
Feudal
8:53
Castle
16:07
Imperial
—
| APM avg | 37.1 |
| APM peak | 67 |
| eAPM avg | 22.1 |
| Villagers / military | 59 / 13 |
Focus
⚔️ 32.6% · 🌾 67.4%
Knight ×13
Match map
Initial resources + every placement click. Lines = walls · curves = elevation contours. ◆ gold · ⬟ stone · ● berries · ✦ relic · ◌ wall gap
Your base· Open — unwalled flank
Tim_Boww's base· Open — unwalled flank
Smoothed initial terrain · ◌ = detected wall gap · hover for details
Inputs per minute
— Mattroid 99 - - Tim_Boww
Build order — Mattroid 99
120 actions detected in the replay
| 0:01 | Build | House |
| 0:01 | Queue | Villager (Male) ×4 |
| 0:02 | Build | House |
| 0:12 | Build | Settlement |
| 1:24 | Queue | Villager (Male) |
| 1:24 | Queue | Villager (Male) |
| 1:51 | Queue | Villager (Male) |
| 2:15 | Queue | Villager (Male) |
| 2:15 | Queue | Villager (Male) |
| 2:33 | Queue | Villager (Male) |
| 2:52 | Queue | Villager (Male) |
| 3:22 | Queue | Villager (Male) ×2 |
| 3:34 | Research | Loom |
| 3:52 | Queue | Villager (Male) |
| 3:56 | Queue | Villager (Male) |
| 3:56 | Queue | Villager (Male) |
| 4:16 | Build | Settlement |
| 4:25 | Queue | Villager (Male) |
| 4:33 | Build | Palisade Wall |
| 4:53 | Queue | Villager (Male) |
| 4:53 | Queue | Villager (Male) |
| 4:53 | Queue | Villager (Male) |
| 4:54 | Queue | Villager (Male) |
| 5:03 | Research | Loom |
| 5:12 | Build | Settlement |
| 5:26 | Build | House |
| 5:27 | Build | House |
| 5:34 | Queue | Villager (Male) |
| 5:34 | Queue | Villager (Male) |
| 5:36 | Queue | Villager (Male) |
| 5:49 | Queue | Villager (Male) |
| 6:00 | Queue | Villager (Male) |
| 6:05 | Queue | Villager (Male) |
| 6:05 | Queue | Villager (Male) |
| 6:36 | Queue | Villager (Male) ×3 |
| 6:44 | Queue | Villager (Male) |
| 6:54 | Queue | Villager (Male) |
| 7:39 | Queue | Villager (Male) |
| 7:40 | Queue | Villager (Male) |
| 7:50 | Research | Feudal Age |
| 8:18 | Build | House |
| 8:19 | Build | House |
| 8:25 | Queue | Villager (Male) |
| 8:25 | Queue | Villager (Male) |
| 9:11 | Queue | Villager (Male) |
| 9:15 | Build | Barracks |
| 10:06 | Queue | Villager (Male) |
| 10:08 | Queue | Villager (Male) |
| 10:14 | Age | Feudal Age |
| 10:17 | Build | Archery Range |
| 10:20 | Build | Blacksmith |
| 10:28 | Research | Double-Bit Axe |
| 10:30 | Queue | Spearman |
| 10:50 | Queue | Spearman |
| 10:51 | Queue | Spearman |
| 11:11 | Research | Castle Age |
| 11:14 | Build | Archery Range |
| 11:29 | Build | Settlement |
| 11:34 | Queue | Spearman |
| 11:48 | Build | Farm |
| 12:14 | Build | Palisade Wall |
| 12:15 | Build | House |
| 12:16 | Queue | Villager (Male) |
| 12:16 | Queue | Villager (Male) |
| 12:29 | Research | Fletching |
| 12:38 | Queue | Spearman |
| 12:39 | Queue | Villager (Male) |
| 12:50 | Queue | Villager (Male) |
| 12:51 | Queue | Villager (Male) |
| 13:07 | Build | Settlement |
| 13:23 | Queue | Villager (Male) |
| 13:32 | Queue | Villager (Male) |
| 13:51 | Age | Castle Age |
| 13:54 | Queue | Bolas Rider |
| 13:54 | Queue | Bolas Rider |
| 13:55 | Research | Bodkin Arrow |
| 13:55 | Queue | Villager (Male) |
| 14:24 | Queue | Spearman |
| 14:27 | Queue | Bolas Rider |
| 14:27 | Queue | Bolas Rider |
| 14:28 | Queue | Villager (Male) |
| 14:28 | Queue | Villager (Male) |
| 14:29 | Queue | Villager (Male) |
| 14:29 | Queue | Villager (Male) |
| 14:50 | Queue | Bolas Rider |
| 14:50 | Queue | Bolas Rider |
| 14:56 | Build | Farm |
| 14:56 | Build | Farm |
| 14:58 | Build | Farm |
| 15:09 | Queue | Villager (Male) |
| 15:34 | Queue | Villager (Male) ×2 |
| 15:36 | Queue | Bolas Rider |
| 15:37 | Queue | Bolas Rider |
| 15:39 | Build | Farm |
| 15:39 | Build | Farm |
| 15:39 | Build | Farm |
| 15:40 | Build | Farm |
| 15:40 | Build | Farm |
| 15:41 | Queue | Villager (Male) |
| 16:15 | Research | Padded Archer Armor |
| 16:19 | Queue | Bolas Rider |
| 16:19 | Queue | Bolas Rider |
| 16:20 | Queue | Bolas Rider |
| 16:41 | Queue | Villager (Male) ×3 |
| 17:18 | Queue | Villager (Male) |
| 17:18 | Queue | Villager (Male) |
| 17:22 | Build | Town Center |
| 17:31 | Build | Town Center |
| 17:33 | Queue | Villager (Male) |
| 17:36 | Queue | Villager (Male) |
| 17:37 | Queue | Villager (Male) |
| 17:43 | Build | Market |
| 17:53 | Queue | Bolas Rider |
| 17:53 | Queue | Bolas Rider |
| 17:58 | Build | House |
| 18:13 | Queue | Bolas Rider |
| 18:17 | Build | House |
| 19:09 | Queue | Villager (Male) |
| 19:09 | Queue | Villager (Male) |
| 19:19 | Queue | Villager (Male) ×5 |
Build order — Tim_Boww
148 actions detected in the replay
| 0:00 | Queue | Villager (Male) |
| 0:01 | Queue | Villager (Male) |
| 0:02 | Build | House |
| 0:03 | Build | House |
| 0:06 | Research | Loom |
| 0:08 | Build | House |
| 0:09 | Build | House |
| 0:14 | Queue | Villager (Male) |
| 0:29 | Queue | Villager (Male) |
| 1:10 | Queue | Villager (Male) |
| 1:14 | Queue | Villager (Male) |
| 1:39 | Queue | Villager (Male) |
| 1:49 | Queue | Villager (Male) |
| 2:15 | Queue | Villager (Male) |
| 2:27 | Queue | Villager (Male) |
| 2:28 | Queue | Villager (Male) |
| 2:39 | Build | Lumber Camp |
| 2:45 | Queue | Villager (Male) |
| 3:02 | Queue | Villager (Male) |
| 3:25 | Queue | Villager (Male) |
| 3:33 | Queue | Villager (Male) |
| 3:40 | Queue | Villager (Male) |
| 4:10 | Queue | Villager (Male) |
| 4:11 | Queue | Villager (Male) |
| 4:21 | Queue | Villager (Male) |
| 4:30 | Queue | Villager (Male) |
| 4:43 | Queue | Villager (Male) |
| 4:56 | Queue | Villager (Male) |
| 4:59 | Build | House |
| 5:01 | Build | House |
| 5:07 | Queue | Villager (Male) |
| 5:31 | Queue | Villager (Male) |
| 5:48 | Queue | Villager (Male) |
| 6:03 | Queue | Villager (Male) |
| 6:09 | Build | Mill |
| 6:15 | Queue | Villager (Male) |
| 6:32 | Research | Feudal Age |
| 6:55 | Queue | Villager (Male) |
| 6:56 | Queue | Villager (Male) |
| 7:48 | Queue | Villager (Male) |
| 7:58 | Queue | Villager (Male) |
| 8:17 | Build | Mining Camp |
| 8:32 | Queue | Villager (Male) |
| 8:47 | Build | Mill |
| 8:53 | Age | Feudal Age |
| 9:13 | Queue | Villager (Male) |
| 9:17 | Build | Blacksmith |
| 9:19 | Build | Farm |
| 9:21 | Research | Horse Collar |
| 9:24 | Build | Farm |
| 9:25 | Queue | Villager (Male) |
| 9:38 | Queue | Villager (Male) |
| 9:39 | Research | Double-Bit Axe |
| 9:45 | Queue | Villager (Male) |
| 10:01 | Research | Forging |
| 10:06 | Queue | Villager (Male) |
| 10:09 | Build | Farm |
| 10:12 | Queue | Villager (Male) |
| 10:30 | Queue | Villager (Male) |
| 10:47 | Queue | Villager (Male) |
| 11:09 | Queue | Villager (Male) |
| 11:15 | Build | Farm |
| 11:16 | Build | Farm |
| 11:17 | Build | Farm |
| 11:22 | Build | Mill |
| 11:24 | Queue | Villager (Male) |
| 11:34 | Queue | Villager (Male) |
| 11:37 | Build | House |
| 11:38 | Build | House |
| 11:43 | Research | Wheelbarrow |
| 12:16 | Build | Lumber Camp |
| 12:33 | Queue | Villager (Male) |
| 12:48 | Build | Market |
| 12:58 | Research | Scale Barding Armor |
| 13:00 | Queue | Villager (Male) |
| 13:24 | Queue | Villager (Male) |
| 13:27 | Research | Castle Age |
| 13:34 | Build | Barracks |
| 13:45 | Build | Farm |
| 13:45 | Build | Farm |
| 13:46 | Build | Farm |
| 13:46 | Build | Farm |
| 13:46 | Build | Farm |
| 13:46 | Build | Farm |
| 14:10 | Queue | Villager (Male) |
| 14:12 | Build | Farm |
| 14:13 | Build | Farm |
| 14:22 | Queue | Villager (Male) |
| 14:44 | Build | Stable |
| 14:51 | Build | Stable |
| 14:53 | Build | Stable |
| 14:56 | Research | Gold Mining |
| 15:14 | Queue | Villager (Male) |
| 15:18 | Build | Farm |
| 15:21 | Build | Farm |
| 15:23 | Build | Farm |
| 15:30 | Research | Bloodlines |
| 15:35 | Build | Farm |
| 15:38 | Build | Farm |
| 15:45 | Build | Stable |
| 15:55 | Build | Mining Camp |
| 16:01 | Queue | Villager (Male) |
| 16:07 | Age | Castle Age |
| 16:12 | Build | Palisade Wall |
| 16:21 | Queue | Knight |
| 16:21 | Queue | Knight |
| 16:22 | Queue | Knight |
| 16:23 | Research | Chain Barding Armor |
| 16:27 | Build | House |
| 16:40 | Queue | Villager (Male) |
| 16:52 | Build | Town Center |
| 17:04 | Queue | Knight |
| 17:05 | Queue | Villager (Male) |
| 17:08 | Build | Town Center |
| 17:21 | Queue | Villager (Male) |
| 17:29 | Build | Mill |
| 17:30 | Build | Farm |
| 17:30 | Build | Farm |
| 17:31 | Build | Farm |
| 17:31 | Build | Farm |
| 17:37 | Research | Heavy Plow |
| 17:50 | Queue | Knight |
| 17:51 | Queue | Knight |
| 17:55 | Build | Farm |
| 17:56 | Build | Farm |
| 17:58 | Build | Farm |
| 18:01 | Queue | Knight |
| 18:08 | Queue | Knight |
| 18:16 | Queue | Knight |
| 18:17 | Queue | Villager (Male) |
| 18:22 | Research | Husbandry |
| 18:26 | Queue | Villager (Male) |
| 18:27 | Queue | Villager (Male) |
| 18:29 | Build | Mill |
| 18:30 | Build | Farm |
| 18:30 | Build | Farm |
| 18:31 | Build | Farm |
| 18:31 | Build | Farm |
| 18:35 | Build | Farm |
| 18:35 | Build | Farm |
| 18:35 | Build | Farm |
| 18:38 | Queue | Villager (Male) |
| 18:40 | Queue | Villager (Male) |
| 18:43 | Queue | Knight |
| 18:43 | Queue | Knight |
| 19:16 | Queue | Knight |
| 19:16 | Queue | Knight |
| 19:17 | Queue | Villager (Male) |
Match timeline
| 4:33 | Mattroid 99 · wall_segment Palisade Wall x1 |
| 8:53 | Tim_Boww · age_up feudal |
| 9:15 | Mattroid 99 · first_building Barracks |
| 10:14 | Mattroid 99 · age_up feudal |
| 10:17 | Mattroid 99 · first_building Archery Range |
| 12:14 | Mattroid 99 · wall_segment Palisade Wall x1 |
| 13:34 | Tim_Boww · first_building Barracks |
| 13:51 | Mattroid 99 · age_up castle |
| 14:44 | Tim_Boww · first_building Stable |
| 16:07 | Tim_Boww · age_up castle |
| 16:12 | Tim_Boww · wall_segment Palisade Wall x1 |
| 17:35 | Tim_Boww · first_market_buy 100 wood |
| 19:28 | Tim_Boww · resign |
[ AI ANALYSIS · 1 CREDIT ]
What really happened in this match?
Wolo.gg analyzes every decision: build order, eco, micro, common mistakes by bracket. Personalized analysis on WhatsApp or Discord in 30 seconds.
Civ guide
Mapuche
Perfil
Jugador #11475973